 Dungeon Crawl Stone Soup version 0.20.1-1-g8b1a95d (webtiles) character file.

36 tidbits the Insei (level 3, -1/28 HPs)
             Began as a Demigod Transmuter on Aug 19, 2017.
             Slain by an adder (4 damage)
             ... on level 2 of the Dungeon.
             The game lasted 00:04:08 (452 turns).

tidbits the Insei (Demigod Transmuter)               Turns: 452, Time: 00:04:09

Health: -1/28      AC:  2    Str: 10 (13) XL:     3   Next: 5%
Magic:  4/8        EV: 12    Int: 16 (19) God:
Gold:   13         SH:  0    Dex: 15 (16) Spells: 2/5 levels left

rFire    . . .     SeeInvis .     - Unarmed
rCold    . . .     Gourm    .   (no shield)
rNeg     . . .     Faith    .   b - +0 robe
rPois    .         Spirit   .   (no helmet)
rElec    .         Reflect  .   (no cloak)
rCorr    .         Harm     .   (no gloves)
MR       .....                  (no boots)
Stlth    +.........             (no amulet)
Regen    0.1/turn               (no ring)
MPRegen  0.2/turn               (no ring)

@: lethally poisoned (-1 -> -10)
A: high mp 1
a: no special abilities


You were on level 2 of the Dungeon.
You were not hungry.

You visited 1 branch of the dungeon, and saw 2 of its levels.

You collected 13 gold pieces.

Inventory:

Missiles
 a - 34 arrows
Armour
 b - a +0 robe (worn)
Scrolls
 e - 3 scrolls of immolation {unknown}
 f - 2 scrolls of identify {unknown}
Potions
 j - a potion of ambrosia {unknown}
Books
 c - a book of Changes

   Spells                             Type                      Level
   a - Beastly Appendage              Transmutation                1
   b - Sticks to Snakes               Transmutation                2
   c - Spider Form                    Transmutation/Poison         3
   d - Ice Form                       Ice/Transmutation            4
   e - Blade Hands                    Transmutation                5
Comestibles
 d - a bread ration


   Skills:
 - Level 1.0 Fighting
 - Level 1.7 Dodging
 - Level 3.8 Unarmed Combat
 + Level 1.8 Spellcasting
 - Level 1.8 Transmutations


You had 2 spell levels left.
You knew the following spells:

 Your Spells              Type           Power        Failure   Level  Hunger
e - Beastly Appendage     Tmut           #.....       10%         1    ##.....
k - Sticks to Snakes      Tmut           #.......     16%         2    ###....


Dungeon Overview and Level Annotations

Branches:
Dungeon (2/15)


Innate Abilities, Weirdness & Mutations

You have an increased reservoir of magic. (+10% MP)


Message History

You create a snake!
You now have 34 arrows.
You hit the goblin but do no damage. The goblin misses you.
Your ball python completely misses the goblin.
Your ball python grabs the goblin.
Your ball python constricts the goblin.
Your ball python bites the goblin.
You hit the goblin.
The goblin is severely wounded.
Your ball python releases its grip on the goblin.
The goblin hits you with a club.
Your ball python barely misses the goblin.
Your ball python closely misses the goblin.
You closely miss the goblin.
The goblin is severely wounded.
Your ball python bites the goblin.
The goblin dies!
The hobgoblin hits you but does no damage.
You closely miss the hobgoblin. The adder bites your ball python.
Your ball python dies!
The hobgoblin closely misses you.
Your ball python bites the hobgoblin but does no damage.
Your ball python closely misses the hobgoblin.
You barely miss the hobgoblin. The adder bites your ball python.
Your ball python is poisoned.
The adder poisons your ball python!
Your ball python barely misses the adder.
Your ball python completely misses the adder.
Your ball python bites the hobgoblin but does no damage.
Your ball python grabs the hobgoblin.
Your ball python constricts the hobgoblin.
The hobgoblin hits you with a club. The adder bites your ball python.
You hit the hobgoblin but do no damage.
Your ball python dies!
Your ball python bites the hobgoblin.
Your ball python constricts the hobgoblin.
The giant cockroach waves its antennae.
The hobgoblin barely misses you.
You hit the hobgoblin.
You kill the hobgoblin!
Your ball python completely misses the adder.
Your ball python barely misses the adder.
The adder closely misses you.
You hit the adder but do no damage. The adder closely misses you.
Your ball python closely misses the adder. x2
The giant cockroach bites you but does no damage.
You hit the adder but do no damage. The adder bites you but does no damage.
Your ball python misses the adder.
Your ball python barely misses the adder.
The giant cockroach bites you. The adder closely misses you.
Your ball python barely misses the adder. x2
You closely miss the adder. The giant cockroach closely misses you.
The adder barely misses you.
Your ball python misses the adder.
Your ball python barely misses the adder.
You closely miss the adder. The giant cockroach bites you. The adder bites you.
You are poisoned.
The adder poisons you!
Your ball python bites the adder.
Your ball python misses the adder.
Casting: Sticks to Snakes
Confirm with . or Enter, or press ? or * to list all spells.
You don't know that spell.
You feel sick.
Your ball python closely misses the giant cockroach.
Your ball python grabs the giant cockroach.
Your ball python constricts the giant cockroach.
The giant cockroach struggles to escape constriction.
You hit the adder.
The adder is moderately wounded.
The adder bites you.
* * * LOW HITPOINT WARNING * * *
You are lethally poisoned!
The adder poisons you!
Your ball python bites the giant cockroach but does no damage.
Your ball python constricts the giant cockroach.
The giant cockroach struggles to escape constriction.
The adder bites you.
* * * LOW HITPOINT WARNING * * *
It was a potion of brilliance.
You feel clever all of a sudden.
* * * LOW HITPOINT WARNING * * *
You feel sick.
Your ball python completely misses the giant cockroach.
Your ball python constricts the giant cockroach.
The adder closely misses you.
The giant cockroach struggles to escape constriction.
It was a potion of cancellation.
Your magical effects are unravelling.
You feel magically purged.
You feel a little less clever now.
* * * LOW HITPOINT WARNING * * *
You feel sick.
Your ball python bites the giant cockroach.
Your ball python constricts the giant cockroach.
The adder bites you.
* * * LOW HITPOINT WARNING * * *
The giant cockroach escapes!
It was a potion of degeneration.
There was something very wrong with that liquid.
You feel weakened.
You feel dopey.
You feel clumsy.
* * * LOW HITPOINT WARNING * * *
You feel sick. The adder bites you.
You die...

...... #.# # .....# #.# #
#....# #.######## #
#....# #.##......
#.###....# #.##.#####
.##........# #.##.#
...........#####.##.#####
......SS.................
......)#@...####.##.#####
.......#.......#.##......
.......#.#...#.#.########
.......#.##..# #.#
.......#.##....#.#
.......#.###...#.#
.......#.# ...#.# #.#
#..#.# ..#


You could see an adder and a friendly ball python.

Vanquished Creatures
  Natasha (D:2)
  A leopard gecko (D:1)
  A bat (D:1)
  A giant cockroach (D:1)
  A goblin (D:1)
  2 hobgoblins
  2 kobolds (D:1)
  5 rats (D:1)
14 creatures vanquished.

Vanquished Creatures (collateral kills)
  A goblin (D:2)
1 creature vanquished.

Grand Total: 15 creatures vanquished

Notes
Turn   | Place    | Note
-------+----------+-------------------------------------------
     0 | D:1      | tidbits the Demigod Transmuter began the quest for the Orb.
     0 | D:1      | Reached XP level 1. HP: 15/15 MP: 5/5
    14 | D:1      | Reached skill level 1 in Fighting
    82 | D:1      | Reached skill level 3 in Unarmed Combat
   301 | D:1      | Reached XP level 2. HP: 18/23 MP: 5/7
   305 | D:1      | Learned a level 2 spell: Sticks to Snakes
   423 | D:2      | Noticed Natasha
   431 | D:2      | Killed Natasha
   431 | D:2      | Reached XP level 3. HP: 25/28 MP: 3/8
   452 | D:2      | Slain by an adder

Skill      XL: |  1 |
---------------+----+-----
Fighting       | 1 |  1.0
Unarmed Combat | 3 |  3.8
Dodging        | |  1.7
Spellcasting   | |  1.8
Transmutations | |  1.8

Action                   || total
-------------------------++-------
Melee: Unarmed           ||    59
       Headbutt          ||     7
       Kick              ||     2
       Punch             ||     1
 Cast: Beastly Appendage ||    13
       Sticks to Snakes  ||     3
  Use: Potion            ||     3
 Stab: Sleeping          ||     2
Armor: Robe              ||    10
Dodge: Dodged            ||    44

Table legend:
 A = Turns spent in this place as a percentage of turns spent in the entire game.
 B = Non-inter-level travel turns spent in this place as a percentage of non-inter-level travel turns spent in the entire game.
 C = Inter-level travel turns spent in this place as a percentage of turns spent in this place.
 D = Turns resting spent in this place as a percentage of non-inter-level travel turns spent in this place.
 E = Turns spent auto-exploring this place as a percentage of non-inter-level travel turns spent in this place.
 F = Non-inter-level travel turns spent in this place divided by the number of levels of this place that you've seen.
                   A       B       C       D       E      F
               +-------+-------+-------+-------+-------+----------------------
         Total | 100.0 | 100.0 |   0.2 |   0.0 |   0.0 | 201.0
       Dungeon | 100.0 | 100.0 |   0.2 |   0.0 |   0.0 | 201.0
               +-------+-------+-------+-------+-------+----------------------

Table legend:
 A = Kills in this place as a percentage of kills in entire the game.
 B = Kills by you in this place as a percentage of kills by you in the entire game.
 C = Kills by friends in this place as a percentage of kills by friends in the entire game.
 D = Other kills in this place as a percentage of other kills in the entire game.
 E = Experience gained in this place as a percentage of experience gained in the entire game.
 F = Experience gained in this place divided by the number of levels of this place that you have seen.
                   A       B       C       D       E      F
               +-------+-------+-------+-------+-------+----------------------
         Total | 100.0 | 100.0 | 100.0 |  -nan | 100.0 |  26.0
       Dungeon | 100.0 | 100.0 | 100.0 |  -nan | 100.0 |  26.0
               +-------+-------+-------+-------+-------+----------------------

Vault maps used:
D:1:      tarquinn_simple_flora_water_b
D:2:      okawaru_trees_2, uniq_natasha
